 Dungeon Crawl Stone Soup version 0.30.0-29-ga12c61a403 (webtiles) character file.

Game seed: 7194230790661148988

30 booth the Conjurer (level 3, -8/22 HPs)
             Began as a Gargoyle Reaver on June 22, 2023.
             Mangled by a gnoll
             ... wielding a +0 flail
              (11 damage)
             ... on level 1 of the Dungeon.
             The game lasted 00:05:47 (922 turns).

booth the Conjurer (Gargoyle Reaver)                 Turns: 922, Time: 00:05:48

Health: -8/22      AC:  7    Str: 16 (17) XL:     3   Next: 20%
Magic:  6/6        EV: 11    Int: 10 (13) God:
Gold:   32         SH:  0    Dex:  6 (8)  Spells: 3/6 levels left

rFire   . . .        g - +0 mace (drain)
rCold   . . .        (no shield)
rNeg    + . .        b - +1 leather armour
rPois   ∞            (no helmet)
rElec   +            (no cloak)
rCorr   .            (no gloves)
SInv    .            (no boots)
Will    .....        (no amulet)
Stlth   +            (no ring)
HPRegen 0.23/turn    (no ring)
MPRegen 0.10/turn

%: no passive effects
@: no status effects
A: sickness immunity, AC +3, negative energy resistance 1, electricity
resistance, torment resistance 1, petrification resistance
a: no special abilities


You were on level 1 of the Dungeon.
You visited 1 branch of the dungeon, and saw 2 of its levels.

You collected 32 gold pieces.

Inventory:

Hand Weapons
 g - a +0 mace of draining (weapon)
Armour
 b - a +1 leather armour (worn)
Jewellery
 e - a ring of flight
Potions
 d - 2 potions of mutation


   Skills:
 + Level 2.6 Fighting
 + Level 3.2 Maces & Flails
 + Level 1.9 Dodging
 + Level 2.2 Spellcasting
 + Level 3.6 Conjurations


You had 3 spell levels left.
You knew the following spells:

 Your Spells              Type           Power      Damage    Failure   Level
a - Kiss of Death         Conj/Necr      16%        2d6       19%         1
b - Momentum Strike       Conj/Tloc      8%         3d8       26%         2

Your spell library contained the following spells:

 Spells                   Type           Power      Damage    Failure   Level
 Apportation              Tloc           2%         N/A       36%         1
 Hailstorm                Conj/Ice       4%         3d4       47%         3
 Alistair's Intoxication  Tmut/Pois      0%         N/A       100%        5


Dungeon Overview and Level Annotations

Branches:
Dungeon (2/15)

Altars:


Innate Abilities, Weirdness & Mutations

You are immune to sickness and miasma.
Your stone body is resilient. (AC +3)
You are immune to poison.
You resist negative energy. (rN+)
You are resistant to electric shocks. (rElec)
You are resistant to unholy torment.
You are immune to petrification.


Message History

You closely miss the gnoll. The gnoll closely misses you.
You barely miss the gnoll. The gnoll barely misses you.
You sock the gnoll! You drain the gnoll.
You kill the gnoll!
You have reached level 3!
Your experience leads to an increase in your attributes!
Increase (S)trength, (I)ntelligence, or (D)exterity?
You feel stronger. x2
You start resting.
HP restored.
There is a stone staircase leading down, spattered with blood here.
You see here a +0 whip.
You climb downwards.
There is a stone staircase leading up here.
The gnoll hits you with a +0 whip. The gnoll barely misses you.
You climb upwards.
There is a stone staircase leading down, spattered with blood here.
You see here a +0 whip.
You closely miss the gnoll. The gnoll closely misses you.
The gnoll hits you with a +0 whip.
You barely miss the gnoll. The gnoll barely misses you.
The gnoll hits you with a +0 flail. x2; The gnoll hits you with a +0 whip.
* * * LOW HITPOINT WARNING * * *
It was a potion of degeneration.
There was something very wrong with that liquid.
You feel weakened.
You feel dopey.
You feel clumsy. The gnoll hits you with a +0 flail.
* * * LOW HITPOINT WARNING * * *
The gnoll hits you but does no damage.
As you read the scroll labelled QOG NYMUQUPPA, it crumbles to dust.
You feel momentarily disoriented.
It was a scroll of magic mapping.
The gnoll hits you but does no damage. The gnoll misses you.
The gnoll attacks as you move away! The gnoll barely misses you.
The gnoll attacks as you move away! The gnoll barely misses you.
There is a staircase leading out of the dungeon here.
You hit the gnoll.
The gnoll is heavily wounded.
The gnoll hits you with a +0 flail!
Ouch! That really hurt!
You die...

#.# #.......###.###..#######.##
#.# #.......# #.# #............
#.###.......###.# #...#.####†##
#...............# ###........##
#.#############.# #.#.#.##.##
###.........#####.#####.#.#.##.##
...............................##
#####........##########........##
# #........##.@g.####+#.#......
#####....)...##..g.##............
.............##....##.....#.##.##
..............#....##............
..............#.§§.##...........#
................#####.......##.##
######........### ###.##..##### #
#........# #............ #
#.####.### #.#.##..##.##


You could see 2 gnolls.

Vanquished Creatures
  A gnoll (D:1)
  3 ball pythons (D:1)
  3 endoplasms (D:1)
  2 giant cockroaches (D:1)
  A goblin (D:1)
  2 hobgoblins (D:1)
  2 bats (D:1)
  2 frilled lizards (D:1)
  2 kobolds (D:1)
  A rat (D:1)
19 creatures vanquished.

Notes
Turn   | Place    | Note
-------+----------+-------------------------------------------
     0 | D:1      | booth the Gargoyle Reaver began the quest for the Orb.
     0 | D:1      | Reached XP level 1. HP: 12/12 MP: 3/3
   162 | D:1      | Reached XP level 2. HP: 17/18 MP: 5/5
   171 | D:1      | Learned a level 2 spell: Momentum Strike
   206 | D:1      | Found a faded altar of an unknown god.
   208 | D:1      | Noticed a great orb of eyes
   208 | D:1      | Noticed a floating eye
   209 | D:1      | Noticed a golden eye
   209 | D:1      | Noticed an eye of devastation
   905 | D:1      | Reached XP level 3. HP: 20/22 MP: 6/6
   922 | D:1      | Mangled by a gnoll

Illustrated notes

Levels and vault maps discovered:
D:1:      dpeg_arrival_fog, layout_basic, hellmonk_ecumenical_altar_watching_god
D:2:      layout_basic

Action                     || total
---------------------------++-------
  Melee: Mace              ||    63
         Punch             ||     1
    Use: Scroll            ||     5
         Potion            ||     1
 Armour: Leather armour    ||    21
  Dodge: Dodged            ||    55
